Map: [ESL] Goldenaura

Players

Serral - Winner!

  • Race: Zerg Zerg
  • Spawn Location: 5:00

SHIN

  • Race: Zerg Zerg
  • Spawn Location: 12:00

Event: ESL Spring 2024 Finals

VOD

Have the link to the VOD?

Description

Time

  • Played on: June 1, 2024, 8:03 p.m.
  • Length: 7:01

All games in this series

Show
View Real Time Build Order
Export as new Build Order

Serral Zerg - Winner!

Build Orders: Hatch First 

Get SALT Encoding   

  12  0:00  Drone  
  13  0:13  Overlord  
  13  0:17  Drone  
  14  0:31  Drone x2  
  16  0:47  Hatchery  
  15  0:51  Drone  
  15  0:56  Drone  
  17  0:58  Drone  
  18  1:09  Extractor  
  17  1:14  Spawning Pool  
  17  1:17  Drone  
  17  1:20  Drone  
  18  1:28  Drone  
  19  1:39  Drone  
  20  1:50  Drone  
  21  2:00  Queen x2  
  25  2:01  Zergling x2  
  25  2:02  Overlord  
  26  2:08  Metabolic Boost  
  26  2:10  Drone  
  26  2:12  Drone  
  28  2:22  Drone x2  
  30  2:34  Hatchery  
  30  2:37  Drone  
  30  2:39  Drone  
  30  2:42  Drone  
  32  2:49  Baneling Nest  
  32  2:51  Overlord  
  31  2:53  Drone  
  31  2:57  Drone  
  33  3:04  Drone  
  35  3:05  Drone  
  35  3:08  Zergling x2  
  35  3:10  Drone x3  
  35  3:12  Zergling x2  
  40  3:14  Zergling x2  
  40  3:17  Overlord  
  41  3:20  Zergling x2  
  41  3:26  Queen  
  44  3:33  Roach Warren  
  43  3:36  Drone x2  
  43  3:39  Drone  
  43  3:40  Drone  
  47  3:41  Drone  
  47  3:43  Drone  
  47  3:44  Drone  
  47  3:45  Drone  
  47  3:48  Drone  
  52  3:51  Overlord  
  52  3:54  Drone  
  52  3:56  Drone, Extractor  
  52  3:59  Baneling  
  52  4:00  Drone x2  
  52  4:02  Drone  
  55  4:05  Overlord  
  55  4:08  Drone  
  56  4:12  Drone x4  
  60  4:17  Lair  
  60  4:20  Roach x2  
  64  4:25  Drone  
  64  4:30  Evolution Chamber  
  64  4:31  Overlord, Roach  
  64  4:33  Baneling  
  64  4:34  Roach  
  64  4:38  Overlord  
  68  4:39  Extractor  
  68  4:45  Drone x2  
  69  4:46  Drone x2  
  69  4:51  Drone x4  
  69  4:52  Drone, Overlord  
  76  4:55  Drone x2  
  76  4:56  Zerg Missile Weapons Level 1  
  78  5:00  Extractor x2  
  78  5:01  Overlord  
  78  5:02  Roach  
  77  5:10  Roach x2  
  85  5:15  Extractor, Roach x3  
  85  5:20  Overlord  
  89  5:25  Nydus Network  
  89  5:26  Overlord  
  88  5:30  Roach  
  88  5:31  Roach  
  88  5:35  Roach x2  
  98  5:38  Roach x7  
  98  5:41  Spine Crawler  
  98  5:42  Spine Crawler  
  108  5:43  Roach  
  108  5:46  Roach  
  108  5:47  Evolution Chamber  
  109  5:50  Ravager, Evolution Chamber  
  109  5:51  Roach x2  
  113  6:00  Roach x4  
  119  6:09  Roach x4  
  115  6:12  Roach  
  115  6:13  Roach x2  
  116  6:18  Queen  
  116  6:24  Roach x5  
  118  6:32  Roach x2  
  122  6:36  Overseer  
  122  6:41  Overlord x3  
  122  6:42  Overlord  
Show
View Real Time Build Order
Export as new Build Order

SHIN Zerg 

Build Orders: Hatch First 

Get SALT Encoding   

  12  0:00  Drone  
  13  0:12  Overlord  
  13  0:17  Drone  
  14  0:31  Drone x2  
  16  0:49  Hatchery  
  15  0:52  Drone  
  17  0:57  Drone  
  17  1:00  Drone  
  18  1:07  Drone  
  18  1:11  Extractor  
  18  1:18  Spawning Pool  
  18  1:22  Drone  
  18  1:28  Drone  
  19  1:39  Drone  
  20  1:49  Drone  
  21  2:01  Drone x2  
  21  2:04  Queen  
  21  2:05  Queen  
  27  2:11  Overlord  
  27  2:12  Drone  
  27  2:14  Metabolic Boost  
  28  2:30  Drone x2  
  28  2:32  Drone  
  28  2:33  Drone  
  32  2:38  Hatchery  
  32  2:43  Zergling x2  
  32  2:47  Queen  
  34  2:52  Baneling Nest  
  34  2:54  Drone  
  34  2:58  Overlord  
  34  3:03  Zergling x2  
  34  3:05  Zergling x2  
  36  3:17  Drone x7  
  43  3:24  Overlord  
  43  3:25  Drone  
  43  3:37  Roach Warren  
  43  3:38  Drone  
  43  3:39  Overlord  
  43  3:41  Baneling  
  43  3:44  Drone x3  
  43  3:46  Drone  
  43  3:48  Drone  
  48  3:50  Overlord  
  48  3:56  Extractor  
  48  3:57  Extractor  
  48  4:01  Zergling x12  
  52  4:11  Overlord  
  52  4:17  Drone x2  
  52  4:20  Drone x2  
  52  4:22  Drone  
  52  4:23  Overlord x2  
  57  4:27  Roach  
  57  4:31  Roach x3  
  65  4:33  Extractor  
  65  4:34  Extractor  
  63  4:39  Evolution Chamber  
  63  4:41  Roach x3  
  71  4:45  Roach x2  
  70  4:53  Roach x3  
  70  4:58  Roach x2  
  82  5:00  Roach  
  82  5:06  Roach x2  
  86  5:08  Roach  
  86  5:09  Roach  
  86  5:14  Roach  
  92  5:15  Roach  
  92  5:18  Roach  
  95  5:21  Overlord  
  95  5:23  Zergling x2  
  95  5:27  Overlord  
  96  5:35  Baneling x8  
  96  5:36  Zergling x2  
  96  5:39  Overlord  
  96  5:40  Zergling x2  
  96  5:42  Zergling x2  
  99  5:44  Baneling x3  
  99  5:46  Zergling x2  
  100  5:50  Baneling x2  
  100  5:51  Zergling x2  
  100  5:52  Zergling x2  
  100  5:55  Zergling x2  
  100  5:56  Zergling x4  
  105  6:03  Zergling x2  
  105  6:04  Zergling x6  
  101  6:05  Zergling x2  
  101  6:06  Zergling x2  
  101  6:08  Zergling x2  
  101  6:10  Zergling x2  
  96  6:13  Zergling x4  
  96  6:17  Drone x3  
  84  6:20  Roach  
  84  6:24  Roach  
  79  6:30  Roach  
  81  6:36  Roach  
  81  6:39  Roach  
  85  6:42  Overlord  
Tags
 
Add a new tag
Caveats
  • Supply blocks, unpowered buildings, or Contaminate may cause inaccurate times.
  • Supply counts are checked every 10 seconds.